[ AOE2 MATCH · #463500332 ]
UnrankedKoreans vs Saracens
[ REPLAY ANALYSIS · EXTRACTED FROM THE RECORDED GAME ]
Feudal
—
Castle
—
Imperial
—
| APM avg | 24.9 |
| APM peak | 87 |
| eAPM avg | 22.7 |
| Villagers / military | 23 / 0 |
Focus
⚔️ 0.8% · 🌾 99.2%
Feudal
—
Castle
—
Imperial
—
| APM avg | 20.5 |
| APM peak | 33 |
| eAPM avg | 10.7 |
| Villagers / military | 22 / 0 |
Focus
⚔️ 0.0% · 🌾 100.0%
Feudal
—
Castle
—
Imperial
—
| APM avg | 32.5 |
| APM peak | 56 |
| eAPM avg | 13.6 |
| Villagers / military | 20 / 0 |
Focus
⚔️ 30.4% · 🌾 69.6%
Feudal
—
Castle
—
Imperial
—
| APM avg | 16.2 |
| APM peak | 47 |
| eAPM avg | 4.4 |
| Villagers / military | 34 / 0 |
Focus
⚔️ 0.0% · 🌾 100.0%
Feudal
—
Castle
—
Imperial
—
| APM avg | 15.0 |
| APM peak | 26 |
| eAPM avg | 7.5 |
| Villagers / military | 27 / 0 |
Focus
⚔️ 1.3% · 🌾 98.7%
Feudal
—
Castle
—
Imperial
—
| APM avg | 7.4 |
| APM peak | 17 |
| eAPM avg | 5.6 |
| Villagers / military | 15 / 0 |
Focus
⚔️ 5.3% · 🌾 94.7%
Feudal
—
Castle
—
Imperial
—
| APM avg | 35.2 |
| APM peak | 93 |
| eAPM avg | 10.1 |
| Villagers / military | 26 / 0 |
Focus
⚔️ 5.3% · 🌾 94.7%
Feudal
—
Castle
—
Imperial
—
| APM avg | 18.4 |
| APM peak | 25 |
| eAPM avg | 11.3 |
| Villagers / military | 25 / 0 |
Focus
⚔️ 23.6% · 🌾 76.4%
Match map
Initial resources + every placement click. Lines = walls · curves = elevation contours. ◆ gold · ⬟ stone · ● berries · ✦ relic · ◌ wall gap
Your base
got the T-shirt's base
Elophant's base· ✓ Closed at 10:35 · 16t walls · no gate
BeeeeDawg's base
Galakfyer's base
Blacktor's base
Starset's base
Moose's base
Smoothed initial terrain · ◌ = detected wall gap · hover for details
Inputs per minute
— Joshmacosh1 - - got the T-shirt
Build order — Joshmacosh1
33 actions detected in the replay
| 0:12 | Create | Villager (Male) |
| 0:13 | Create | Villager (Male) |
| 0:13 | Create | Villager (Male) |
| 0:13 | Create | Villager (Male) |
| 0:13 | Create | Villager (Male) |
| 0:26 | Build | Palisade Wall |
| 0:39 | Build | House |
| 2:22 | Build | Palisade Gate |
| 2:35 | Build | House |
| 2:44 | Create | Villager (Male) |
| 2:58 | Build | Lumber Camp |
| 4:02 | Create | Villager (Male) |
| 6:22 | Create | Villager (Male) |
| 6:22 | Create | Villager (Male) |
| 6:22 | Create | Villager (Male) |
| 6:23 | Create | Villager (Male) |
| 6:24 | Create | Villager (Male) |
| 6:24 | Create | Villager (Male) |
| 6:24 | Create | Villager (Male) |
| 6:31 | Build | House |
| 6:35 | Create | Villager (Male) |
| 8:25 | Create | Villager (Male) |
| 8:26 | Create | Villager (Male) |
| 8:26 | Create | Villager (Male) |
| 8:26 | Create | Villager (Male) |
| 8:26 | Create | Villager (Male) |
| 9:11 | Create | Villager (Male) |
| 9:11 | Create | Villager (Male) |
| 9:27 | Build | Mining Camp |
| 9:38 | Build | Mill |
| 9:52 | Build | House |
| 10:23 | Build | House |
| 10:26 | Create | Villager (Male) |
Build order — got the T-shirt
38 actions detected in the replay
| 0:01 | Create | Villager (Male) |
| 0:02 | Create | Villager (Male) |
| 0:02 | Create | Villager (Male) |
| 0:02 | Create | Villager (Male) |
| 0:04 | Build | House |
| 0:06 | Build | House |
| 1:29 | Create | Villager (Male) |
| 2:04 | Create | Villager (Male) |
| 2:23 | Create | Villager (Male) |
| 2:50 | Create | Villager (Male) |
| 3:04 | Build | House |
| 3:06 | Build | House |
| 3:08 | Build | Lumber Camp |
| 3:14 | Create | Villager (Male) |
| 3:39 | Create | Villager (Male) |
| 3:44 | Create | Villager (Male) |
| 3:57 | Create | Villager (Male) |
| 4:32 | Create | Villager (Male) |
| 4:51 | Create | Villager (Male) |
| 5:15 | Create | Villager (Male) |
| 5:28 | Create | Villager (Male) |
| 5:35 | Create | Villager (Male) |
| 5:48 | Create | Villager (Male) |
| 5:59 | Build | Mill |
| 6:36 | Build | Mining Camp |
| 6:52 | Create | Villager (Male) |
| 7:15 | Create | Villager (Male) |
| 8:18 | Research | Feudal Age |
| 8:46 | Build | Farm |
| 8:50 | Build | House |
| 8:57 | Build | House |
| 9:12 | Build | Farm |
| 9:14 | Build | Farm |
| 9:18 | Build | Farm |
| 9:43 | Build | Farm |
| 9:55 | Create | Villager (Male) |
| 10:35 | Create | Villager (Male) |
| 10:40 | Build | Market |
Build order — Elophant
35 actions detected in the replay
| 0:01 | Create | Villager (Male) |
| 0:01 | Create | Villager (Male) |
| 0:03 | Build | House |
| 0:04 | Build | House |
| 0:22 | Create | Villager (Male) |
| 0:41 | Create | Villager (Male) |
| 1:23 | Create | Villager (Male) |
| 1:45 | Build | Lumber Camp |
| 1:55 | Create | Villager (Male) |
| 2:14 | Create | Villager (Male) |
| 2:41 | Create | Villager (Male) |
| 3:14 | Create | Villager (Male) |
| 3:27 | Create | Villager (Male) |
| 3:54 | Build | Mill |
| 3:57 | Build | House |
| 4:02 | Create | Villager (Male) |
| 4:02 | Create | Villager (Male) |
| 4:17 | Build | House |
| 4:42 | Create | Villager (Male) |
| 4:42 | Create | Villager (Male) |
| 5:28 | Create | Villager (Male) |
| 5:33 | Create | Villager (Male) |
| 6:39 | Create | Villager (Male) |
| 6:42 | Create | Villager (Male) |
| 7:14 | Build | Mining Camp |
| 7:30 | Research | Feudal Age |
| 8:08 | Create | Villager (Male) |
| 8:08 | Create | Villager (Male) |
| 9:43 | Build | Market |
| 9:45 | Build | Blacksmith |
| 9:58 | Build | Gate |
| 9:59 | Build | Stone Wall |
| 10:00 | Build | Stone Wall |
| 10:03 | Build | Stone Wall |
| 10:35 | Research | Castle Age |
Build order — BeeeeDawg
15 actions detected in the replay
| 0:11 | Create | Villager (Male) ×4 |
| 0:11 | Create | Villager (Male) ×4 |
| 0:12 | Create | Villager (Male) ×4 |
| 0:45 | Research | Loom |
| 1:53 | Create | Villager (Male) |
| 1:53 | Create | Villager (Male) |
| 1:54 | Create | Villager (Male) |
| 2:14 | Create | Villager (Male) |
| 2:14 | Create | Villager (Male) |
| 5:48 | Create | Villager (Male) ×5 |
| 5:59 | Build | Mill |
| 6:01 | Create | Villager (Male) |
| 6:02 | Create | Villager (Male) |
| 9:21 | Create | Villager (Male) ×5 |
| 9:31 | Create | Villager (Male) ×5 |
Build order — Galakfyer
36 actions detected in the replay
| 0:07 | Build | House |
| 0:09 | Create | Villager (Male) ×4 |
| 0:09 | Research | Loom |
| 0:29 | Build | House |
| 0:30 | Build | House |
| 0:31 | Build | House |
| 0:32 | Build | House |
| 1:22 | Create | Villager (Male) |
| 1:58 | Create | Villager (Male) |
| 2:21 | Create | Villager (Male) |
| 2:57 | Create | Villager (Male) |
| 3:23 | Create | Villager (Male) |
| 3:23 | Create | Villager (Male) |
| 3:24 | Create | Villager (Male) |
| 4:01 | Build | Mill |
| 4:05 | Create | Villager (Male) ×2 |
| 4:24 | Create | Villager (Male) |
| 4:25 | Create | Villager (Male) |
| 5:05 | Create | Villager (Male) |
| 5:05 | Create | Villager (Male) |
| 6:45 | Create | Villager (Male) |
| 7:23 | Create | Villager (Male) |
| 7:23 | Create | Villager (Male) |
| 7:31 | Build | Lumber Camp |
| 8:08 | Create | Villager (Male) |
| 8:19 | Create | Villager (Male) |
| 8:45 | Create | Villager (Male) |
| 9:13 | Build | Mining Camp |
| 9:17 | Create | Villager (Male) |
| 9:46 | Create | Villager (Male) |
| 9:47 | Research | Feudal Age |
| 10:16 | Build | House |
| 10:17 | Build | House |
| 10:18 | Build | House |
| 10:25 | Create | Villager (Male) |
| 10:25 | Create | Villager (Male) |
Build order — Blacktor
27 actions detected in the replay
| 0:23 | Build | House |
| 0:25 | Build | House |
| 0:26 | Build | House |
| 0:27 | Build | House |
| 0:28 | Build | House |
| 0:29 | Build | House |
| 1:47 | Create | Villager (Male) |
| 3:06 | Create | Villager (Male) |
| 3:42 | Build | Palisade Wall |
| 4:19 | Build | Lumber Camp |
| 4:34 | Create | Villager (Male) |
| 4:34 | Create | Villager (Male) |
| 5:49 | Create | Villager (Male) |
| 6:28 | Create | Villager (Male) |
| 7:01 | Build | Mill |
| 7:18 | Build | Outpost |
| 7:34 | Create | Villager (Male) |
| 7:34 | Create | Villager (Male) |
| 8:25 | Build | Palisade Gate |
| 9:05 | Build | Mining Camp |
| 9:32 | Create | Villager (Male) |
| 10:20 | Create | Villager (Male) |
| 10:21 | Create | Villager (Male) |
| 10:21 | Create | Villager (Male) |
| 10:21 | Create | Villager (Male) |
| 10:21 | Create | Villager (Male) |
| 10:22 | Create | Villager (Male) |
Build order — Starset
36 actions detected in the replay
| 0:01 | Create | Villager (Male) |
| 0:01 | Create | Villager (Male) |
| 0:01 | Create | Villager (Male) |
| 0:02 | Create | Villager (Male) |
| 0:02 | Create | Villager (Male) |
| 0:03 | Build | House |
| 0:43 | Build | House |
| 0:45 | Build | House |
| 0:48 | Build | House |
| 1:28 | Create | Villager (Male) |
| 1:29 | Create | Villager (Male) |
| 2:18 | Create | Villager (Male) |
| 2:18 | Create | Villager (Male) |
| 2:18 | Create | Villager (Male) |
| 2:28 | Build | Mill |
| 2:37 | Create | Villager (Male) |
| 3:17 | Create | Villager (Male) |
| 3:17 | Create | Villager (Male) |
| 3:18 | Create | Villager (Male) |
| 3:18 | Create | Villager (Male) |
| 4:02 | Create | Villager (Male) |
| 4:02 | Create | Villager (Male) |
| 4:02 | Create | Villager (Male) |
| 4:03 | Create | Villager (Male) |
| 5:17 | Create | Villager (Male) |
| 5:47 | Create | Villager (Male) |
| 5:47 | Create | Villager (Male) |
| 5:47 | Create | Villager (Male) |
| 5:48 | Create | Villager (Male) |
| 5:48 | Create | Villager (Male) |
| 7:36 | Create | Villager (Male) |
| 8:20 | Build | Lumber Camp |
| 8:42 | Build | House |
| 8:44 | Build | House |
| 9:10 | Research | Feudal Age |
| 9:32 | Build | Mining Camp |
Build order — Moose
39 actions detected in the replay
| 0:01 | Create | Villager (Male) |
| 0:02 | Create | Villager (Male) |
| 0:02 | Create | Villager (Male) |
| 0:02 | Create | Villager (Male) |
| 0:03 | Build | House |
| 0:05 | Build | House |
| 1:35 | Create | Villager (Male) |
| 1:38 | Create | Villager (Male) |
| 1:38 | Create | Villager (Male) |
| 1:49 | Build | Lumber Camp |
| 2:21 | Create | Villager (Male) |
| 2:52 | Create | Villager (Male) |
| 3:06 | Create | Villager (Male) |
| 3:14 | Build | House |
| 3:37 | Create | Villager (Male) |
| 4:01 | Create | Villager (Male) |
| 4:07 | Build | Mill |
| 4:33 | Build | House |
| 4:40 | Create | Villager (Male) |
| 4:41 | Create | Villager (Male) |
| 5:25 | Create | Villager (Male) |
| 5:52 | Create | Villager (Male) |
| 6:09 | Create | Villager (Male) |
| 6:11 | Research | Loom |
| 6:21 | Create | Villager (Male) |
| 6:30 | Create | Villager (Male) |
| 6:37 | Create | Villager (Male) |
| 6:38 | Build | House |
| 7:42 | Create | Villager (Male) |
| 7:53 | Build | Farm |
| 7:54 | Create | Villager (Male) |
| 8:10 | Create | Villager (Male) |
| 8:38 | Create | Villager (Male) |
| 8:51 | Research | Feudal Age |
| 9:06 | Build | Palisade Gate |
| 9:12 | Build | Palisade Wall |
| 9:16 | Build | Palisade Wall |
| 9:18 | Create | Villager (Male) |
| 10:26 | Build | Mining Camp |
Match timeline
| 0:26 | Joshmacosh1 · wall_segment Palisade Wall x17 |
| 3:42 | Blacktor · wall_segment Palisade Wall x22 |
| 9:12 | Moose · wall_segment Palisade Wall x4 |
| 9:16 | Moose · wall_segment Palisade Wall x8 |
| 9:59 | Elophant · wall_segment Stone Wall x1 |
| 10:00 | Elophant · wall_segment Stone Wall x1 |
| 10:03 | Elophant · wall_segment Stone Wall x14 |
| 10:26 | BeeeeDawg · resign |
[ AI ANALYSIS · 1 CREDIT ]
What really happened in this match?
Wolo.gg analyzes every decision: build order, eco, micro, common mistakes by bracket. Personalized analysis on WhatsApp or Discord in 30 seconds.
Civ guide
Koreans
Map guide
Amazon Tunnel
Perfil
Jugador #23201697